 Dungeon Crawl Stone Soup version 0.23-a0-167-gf92cf62f8f (webtiles) character file.

23296 PikkenKukken the Slicer (level 12, 0/95 HPs)
             Began as a Demonspawn Fighter on Sept 11, 2018.
             Was a Priest of Qazlal.
             Slain by Josephine
             ... wielding a +0 falchion
              (2 damage)
             ... on level 4 of the Lair of Beasts.
             The game lasted 00:22:28 (14473 turns).

PikkenKukken the Slicer (Demonspawn Fighter)       Turns: 14473, Time: 00:22:29

Health: 0/95       AC: 21    Str: 20    XL:     12   Next: 70%
Magic:  0/17       EV: 10    Int:  9    God:    Qazlal [***...]
Gold:   402        SH: 16    Dex: 17    Spells: 11/11 levels left

rFire    . . .     SeeInvis .   a - +1 rapier (freeze)
rCold    + . .     Gourm    .   c - +1 shield
rNeg     . . .     Faith    .   C - +0 plate armour (curse)
rPois    .         Spirit   +   (helmet restricted)
rElec    .         Reflect  .   J - +1 cloak {+Inv}
rCorr    .         Harm     .   G - +0 pair of gloves
MR       .....                  q - +0 pair of boots
Stlth    ..........             y - amulet of guardian spirit
HPRegen  0.25/turn              r - +2 ring of strength
MPRegen  0.15/turn              N - +3 ring of protection

@: slowed, drained, very slow
A: horns 2, cold resistance 1, powered by pain 2, sturdy frame 2
a: Upheaval, Elemental Force, Renounce Religion, Evoke Invisibility


You were on level 4 of the Lair of Beasts.
You worshipped Qazlal.
Qazlal was most pleased with you.
You were near starving.

You visited 2 branches of the dungeon, and saw 14 of its levels.

You collected 760 gold pieces.
You spent 358 gold pieces at shops.

Inventory:

Hand Weapons
 a - a +1 rapier of freezing (weapon)
 w - the +5 long sword of Oozing Pus {speed, *Rage rElec rC+++ Stlth+}
   (You found it on level 5 of the Dungeon)

   Attacks with this weapon are significantly faster.
   It renders you almost immune to cold.
   It insulates you from electricity.
   It may make you go berserk in combat.
   It makes you more stealthy.
Armour
 c - a +1 shield (worn)
 h - a +0 cloak
 q - a +0 pair of boots (worn)
 C - a cursed +0 plate armour (worn)
 G - a +0 pair of gloves (worn)
 J - a +1 cloak of invisibility (worn)
Jewellery
 k - a +2 ring of intelligence
 l - a cursed -4 ring of strength
 r - a +2 ring of strength (left hand)
 y - an amulet of guardian spirit (around neck)
 A - an uncursed ring of see invisible
 N - a +3 ring of protection (right hand)
Wands
 g - a wand of paralysis (53)
 o - a wand of flame (30)
 D - a wand of clouds (6)
 F - a wand of random effects (30)
 I - a wand of iceblast (13)
 K - a wand of enslavement (3)
Scrolls
 n - 4 scrolls of enchant weapon
 p - 16 scrolls of remove curse
 s - 2 scrolls of fog
 t - 3 scrolls of teleportation
 u - 8 scrolls of identify
 v - 5 scrolls of enchant armour
 B - 4 scrolls of fear
 E - 3 scrolls of magic mapping
 H - a scroll of amnesia
Potions
 b - 2 potions of might
 d - 6 potions of curing
 e - a potion of brilliance
 i - a potion of agility
 j - 2 potions of invisibility
 m - 7 potions of flight
 x - 2 potions of heal wounds
 z - 2 potions of magic
 L - a potion of lignification
 M - a potion of mutation
 P - 3 potions of berserk rage
Comestibles
 f - 35 rations


   Skills:
 + Level 9.1(8.6) Fighting
 * Level 11.1(10.6) Short Blades
 + Level 8.3(7.9) Armour
 + Level 7.7(7.3) Dodging
 + Level 8.4(7.9) Shields
 + Level 7.7(7.3) Invocations


You had 11 spell levels left.
You didn't know any spells.
Your spell library contained the following spells:

 Spells                   Type           Power        Failure   Level  Hunger
 Beastly Appendage        Tmut           #.....       99%         1    ##.....
 Freeze                   Ice            #...         99%         1    ##.....
 Magic Dart               Conj           #...         99%         1    ##.....
 Sandblast                Erth           #.....       99%         1    ##.....
 Shock                    Conj/Air       #...         99%         1    ##.....
 Blink                    Tloc           N/A          100%        2    ###....
 Call Imp                 Summ           #.......     100%        2    ###....
 Passwall                 Tmut/Erth      #.......     100%        2    ###....
 Slow                     Hex            #.......     100%        2    ###....
 Sticks to Snakes         Tmut           #.......     100%        2    ###....
 Swiftness                Chrm/Air       #.......     100%        2    ###....
 Throw Frost              Conj/Ice       #.....       100%        2    ###....
 Conjure Flame            Conj/Fire      #.......     100%        3    ####...
 Mephitic Cloud           Conj/Pois/Air  #.......     100%        3    ####...
 Ozocubu's Armour         Chrm/Ice       #.......     100%        3    ####...
 Spider Form              Tmut/Pois      #.........   100%        3    ####...
 Static Discharge         Conj/Air       #.......     100%        3    ####...
 Stone Arrow              Conj/Erth      #.....       100%        3    ####...
 Airstrike                Air            #.........   100%        4    #####..
 Ice Form                 Ice/Tmut       #.......     100%        4    #####..
 Petrify                  Tmut/Erth      #.......     100%        4    #####..
 Summon Ice Beast         Ice/Summ       #.......     100%        4    #####..
 Throw Icicle             Conj/Ice       #.......     100%        4    #####..
 Blade Hands              Tmut           #.........   100%        5    ######.
 Lee's Rapid Deconstruct  Erth           #.........   100%        5    ######.
 Lightning Bolt           Conj/Air       #.........   100%        5    ######.


Dungeon Overview and Level Annotations

Branches:
Dungeon (10/15)            Temple (0/1) D:7            Lair (4/6) D:10
 Shoals (0/4) Lair:3        Snake (0/4) Lair:4
    Orc: D:9-12

Altars:
Dithmenos
Fedhas
Hepliaklqana
Makhleb
Nemelex Xobeh
Qazlal
Ru
Sif Muna
Uskayaw
Zin

Shops:
D:5 *   D:7 *   D:10 *

Annotations:
Lair:2 3 runed doors, MirrMurr's ghost, journeyman OpBe
Lair:4 Josephine


Innate Abilities, Weirdness & Mutations

You have a pair of horns on your head.
Your flesh is cold resistant. (rC+)
You sometimes gain power by taking damage.
Your movements are less encumbered by armour. (ER -4)


Message History

You block the bullfrog's attack. You block the wraith's attack.
The torpor snail bites the plant!
Josephine is infused with unholy energy.
* * * LOW HITPOINT WARNING * * *
You focus on the pain.
You feel your power returning.
Josephine draws life force from you and is healed!
You block the wraith's attack. The wraith closely misses you.
The wraith hits you!
* * * LOW HITPOINT WARNING * * *
The wraith drains your vigour!
You feel as though you will be slow longer.
You hit Josephine but do no damage. Your headbutt misses Josephine.
Josephine is severely wounded.
The bullfrog is struck by lightning.
The bullfrog barely misses you. The wraith hits you!
* * * LOW HITPOINT WARNING * * *
The wraith drains your vigour!
You feel as though you will be slow longer.
The bullfrog barely misses you. Josephine hits you with a falchion.
You die...

#..... #.
#.... #.
##... #.
... #P. #.#
#P. #.##
#..
#.######†.#
##.
.......WW.#
#.
......F@@.#
..
.).###PWW##
######w.##
.........#
######...#
. #..## ..
. #..## ...
..
#..P####...
...
#..........
...


You could see Josephine, a torpor snail, 4 wraiths and a bullfrog.

Vanquished Creatures
  2 hydras
  Harold (D:7)
  A two-headed ogre (D:5)
  Nergalle (Lair:2)
  Pikel (D:6)
  2 oklob plants
  An ugly thing (D:10)
  3 elephants (Lair:4)
  3 black mambas
  Maurice (D:8)
  2 guardian serpents
  8 spiny frogs
  A gargoyle (D:10)
  2 rime drakes (Lair:2)
  2 komodo dragons (D:10)
  3 polar bears (Lair:2)
  4 blink frogs
  2 hippogriffs
  A snapping turtle (Lair:3)
  Sigmund (D:4)
  20 yaks
  A wraith (Lair:4)
  3 wyverns
  A basilisk (Lair:4)
  A hungry ghost (D:7)
  Menkaure (D:7)
  3 water moccasins
  3 porcupines
  A hornet zombie (D:10)
  3 ice beasts
  4 orc warriors
  2 sky beasts
  2 slaves (D:6)
  5 black bears (Lair:2)
  2 necrophages
  4 ogres
  7 centaurs
  7 crocodiles
  A big kobold (D:9)
  12 bullfrogs
  A wyvern skeleton (D:8)
  3 scorpions
  6 killer bees
  An electric eel (Lair:3)
  4 wights (D:9)
  A howler monkey (D:6)
  2 crimson imps
  A hound (D:3)
  2 jellies
  2 bullfrog skeletons
  4 iguanas
  Natasha (thrice) (D:2)
  Terence (D:3)
  3 orc wizards
  8 worker ants
  A killer bee zombie (D:10)
  2 hound zombies
  5 gnolls
  10 adders
  A shadow imp (D:9)
  3 adder skeletons
  An adder zombie (D:10)
  5 worms
  2 dart slugs (D:1)
  2 leopard geckos
  31 orcs
  2 ball pythons
  8 bats
  A giant cockroach (D:2)
  5 goblins
  7 hobgoblins
  13 kobolds
  6 quokkas
  A leopard gecko zombie (D:6)
  3 quokka skeletons
  6 rats
  A plant (D:10)
283 creatures vanquished.

Vanquished Creatures (others)
  A centaur (D:6)
  A hound (D:6)
  A worker ant (D:6)
  5 fungi
  5 plants
13 creatures vanquished.

Grand Total: 296 creatures vanquished

Notes
Turn   | Place    | Note
-------+----------+-------------------------------------------
     0 | D:1      | PikkenKukken the Demonspawn Fighter began the quest for the
                  | Orb.
     0 | D:1      | Reached XP level 1. HP: 18/18 MP: 1/1
   106 | D:1      | Reached skill level 2 in Short Blades
   128 | D:1      | Gained mutation: Your flesh is cold resistant. (rC+)
                  | [demonic ancestry]
   128 | D:1      | Reached XP level 2. HP: 16/24 MP: 2/2
   370 | D:1      | Gained mutation: You sometimes gain a little power by
                  | taking damage. [demonic ancestry]
   370 | D:1      | Reached XP level 3. HP: 26/29 MP: 3/3
   904 | D:2      | Reached skill level 1 in Dodging
   946 | D:2      | Noticed Natasha
   955 | D:2      | Killed Natasha
   955 | D:2      | Gained mutation: Your movements are slightly less
                  | encumbered by armour. (ER -2) [demonic ancestry]
   955 | D:2      | Reached XP level 4. HP: 35/35 MP: 4/4
  1196 | D:2      | Noticed Natasha
  1204 | D:2      | Killed Natasha
  1307 | D:2      | Noticed Natasha
  1321 | D:2      | Killed Natasha
  1321 | D:2      | Reached skill level 3 in Short Blades
  1591 | D:2      | Reached XP level 5. HP: 28/41 MP: 5/5
  1795 | D:3      | Noticed an orc warrior
  1804 | D:3      | Killed an orc warrior
  1978 | D:3      | Noticed Terence
  1988 | D:3      | Killed Terence
  1988 | D:3      | Reached XP level 6. HP: 45/48 MP: 6/6
  2547 | D:3      | Found a sparkling altar of Nemelex Xobeh.
  2922 | D:4      | Reached skill level 4 in Short Blades
  3241 | D:4      | Gained mutation: You have a pair of small horns on your
                  | head. [demonic ancestry]
  3241 | D:4      | Reached XP level 7. HP: 44/54 MP: 7/7
  3246 | D:4      | Noticed Sigmund
  3259 | D:4      | Killed Sigmund
  3747 | D:5      | Entered Level 5 of the Dungeon
  3756 | D:5      | Noticed a two-headed ogre
  3766 | D:5      | Killed a two-headed ogre
  3766 | D:5      | Reached skill level 5 in Fighting
  3766 | D:5      | Reached skill level 5 in Short Blades
  3766 | D:5      | Gained mutation: Your movements are less encumbered by
                  | armour. (ER -4) [demonic ancestry]
  3766 | D:5      | Reached XP level 8. HP: 62/62 MP: 8/8
  3866 | D:5      | Found a blossoming altar of Fedhas.
  3913 | D:5      | Found a shadowy altar of Dithmenos.
  3967 | D:5      | Found Mokhes's General Store.
  3999 | D:5      | Bought a potion of berserk rage for 50 gold pieces
  4126 | D:5      | Reached skill level 6 in Short Blades
  4240 | D:5      | Got a polished long sword
  4241 | D:5      | Identified the +5 long sword of Oozing Pus {speed, *Rage
                  | rElec rC+++ Stlth+} (You found it on level 5 of the
                  | Dungeon)
  4320 | D:6      | Noticed Pikel
  4337 | D:6      | Killed Pikel
  4337 | D:6      | Reached skill level 5 in Armour
  4337 | D:6      | Reached skill level 5 in Shields
  4337 | D:6      | Gained mutation: You sometimes gain power by taking damage.
                  | [demonic ancestry]
  4337 | D:6      | Reached XP level 9. HP: 56/69 MP: 9/9
  4478 | D:6      | Found a stormy altar of Qazlal.
  4528 | D:6      | Became a worshipper of Qazlal Stormbringer
  5185 | D:7      | Noticed Harold
  5292 | D:7      | Killed Harold
  5292 | D:7      | Reached skill level 7 in Short Blades
  5466 | D:7      | Noticed Menkaure
  5476 | D:7      | Reached skill level 5 in Dodging
  5483 | D:7      | Killed Menkaure
  5483 | D:7      | HP: 3/71 [yak (9)]
  5820 | D:7      | Found a glowing silver altar of Zin.
  5821 | D:7      | Noticed an angel
  5879 | D:7      | Reached XP level 10. HP: 58/77 MP: 7/10
  5909 | D:7      | Reached skill level 8 in Short Blades
  6139 | D:7      | Found a sacrificial altar of Ru.
  6271 | D:7      | Found Heroq's General Store.
  6298 | D:7      | Found a staircase to the Ecumenical Temple.
  6464 | D:8      | Found a hazy altar of Hepliaklqana.
  6514 | D:8      | Found a burning altar of Makhleb.
  6539 | D:8      | Reached skill level 1 in Invocations
  6919 | D:8      | Reached * piety under Qazlal
  7162 | D:8      | Found a hide-covered altar of Uskayaw.
  7593 | D:8      | Found a burning altar of Makhleb.
  7593 | D:8      | Noticed a blizzard demon
  7742 | D:8      | Noticed Maurice
  7757 | D:8      | Killed Maurice
  7978 | D:8      | Noticed a smoke demon
  8072 | D:9      | Found a deep blue altar of Sif Muna.
  8474 | D:9      | Reached ** piety under Qazlal
  8500 | D:9      | Reached skill level 9 in Short Blades
  8784 | D:10     | Entered Level 10 of the Dungeon
  8927 | D:10     | Noticed a green ugly thing
  8943 | D:10     | Killed a green ugly thing
  8943 | D:10     | Gained mutation: You have a pair of horns on your head.
                  | [demonic ancestry]
  8943 | D:10     | Reached XP level 11. HP: 60/84 MP: 8/13
  9117 | D:10     | Noticed an oklob plant
  9210 | D:10     | Found Tyidif's General Store.
  9350 | D:10     | Bought a scroll of brand weapon for 220 gold pieces
  9350 | D:10     | Bought a potion of mutation for 88 gold pieces
  9526 | D:10     | Found a staircase to the Lair.
  9938 | D:10     | Killed an oklob plant
  9992 | Lair:1   | Entered Level 1 of the Lair of Beasts
 10563 | Lair:1   | Reached skill level 5 in Invocations
 10568 | Lair:1   | Reached *** piety under Qazlal
 11209 | Lair:1   | Reached skill level 10 in Short Blades
 11225 | Lair:1   | Noticed a five-headed hydra
 11235 | Lair:1   | Killed a five-headed hydra
 11339 | Lair:2   | Noticed Nergalle
 11357 | Lair:2   | Killed Nergalle
 11400 | Lair:2   | Reached XP level 12. HP: 75/94 MP: 11/16
 11621 | Lair:2   | Found a runed gate.
 11622 | Lair:2   | Found a runed gate.
 11623 | Lair:2   | Found a runed gate.
 11628 | Lair:2   | Noticed MirrMurr's ghost (journeyman OpBe)
 12922 | Lair:3   | Found a staircase to the Shoals.
 13834 | Lair:4   | Noticed a five-headed hydra
 13855 | Lair:4   | Killed a five-headed hydra
 13855 | Lair:4   | Reached skill level 11 in Short Blades
 14314 | Lair:4   | Found a staircase to the Snake Pit.
 14427 | Lair:4   | Noticed Josephine
 14472 | Lair:4   | HP: 4/95 [Josephine/vampiric draining (12)]
 14473 | Lair:4   | Slain by Josephine

Vault maps used:
D:1:      saegor_arrival_simple_b
D:2:      st_stairs_3, grunt_ministairs_14, uniq_natasha
D:3:      nicolae_overflow_crystal_walls, dk_noncrumbling_3, uniq_terence
D:4:      first_ration, grunt_decor_one_mirror, uniq_sigmund
D:5:      kennysheep_mini_moat, grunt_dithmenos_smoke_and_mirrors, serial_shops,
          shop
D:6:      lemuel_coloured_pillars_altar, uniq_pikel
D:7:      nicolae_ru_awakened_eye, zin_angel, minmay_temple_entry_trees,
          serial_shops, kennysheep_mini, uniq_menkaure, uniq_harold
D:8:      lemuel_doored_altar, makhleb_altar_promises_db, lemuel_crystal_altar,
          grunt_ogre_cave, lemuel_tele_altar, uniq_maurice
D:9:      overflow_temple_1_default, kennysheep_generic_room_7
D:10:     dpeg_oklobed_lair, serial_shops, nicolae_shop_statue_plus,
          nrook_guardian_serpent_double
Lair:1:   cheibrodos_lair_river_kwai
Lair:2:   beast_lair_carwin_large_1, gammafunk_ghost_icy, minivault_24,
          uniq_nergalle
Lair:3:   minmay_shoals_entry_hut, enter_volcano_1, minmay_lair_oklob_bushes,
          lemuel_fruit_tree, grunt_megastairs_3
Lair:4:   minmay_snake_entry_spellcaster, kennysheep_snail_temple,
          uniq_josephine

Skill      XL: |  1  2  3  4  5  6  7  8  9 10 11 12 |
---------------+-------------------------------------+-----
Short Blades   | 2 3 4 5 6 7 9 10 11 | 11.1
Dodging        | 1 2 3 4 5 6 7 |  7.7
Shields        | 3 4 5 6 7 8 |  8.4
Armour         | 3 4 5 6 7 8 |  8.3
Fighting       | 4 5 6 7 8 9 |  9.1
Invocations    | 3 6 7 |  7.7

Action                   |  1- 3 |  4- 6 |  7- 9 | 10-12 || total
-------------------------+-------+-------+-------+-------++-------
Melee: Rapier            |    88 |   236 |   174 |   946 ||  1444
       Headbutt          |       |       |    56 |   251 ||   307
       Long sword        |       |       |    26 |       ||    26
Invok: Upheaval          |       |       |       |     6 ||     6
Evoke: Wand              |       |       |       |     2 ||     2
  Use: Scroll            |     6 |     3 |     7 |    10 ||    26
       Potion            |       |       |     4 |     5 ||     9
  Eat: Chunk             |       |     8 |     6 |    20 ||    34
       Ration            |       |       |     1 |     2 ||     3
Armor: Scale mail        |    29 |    79 |    24 |       ||   132
       Chain mail        |       |       |    18 |     5 ||    23
       Plate armour      |       |       |       |   326 ||   326
Dodge: Dodged            |    32 |    61 |    78 |   280 ||   451
Block: Shield            |    38 |   127 |    98 |   626 ||   889
       Rpst.: Long sword |       |       |     3 |       ||     3

Table legend:
 A = Non-vault XP
 B = Vault XP
 C = Vault XP percentage of total XP
 D = Non-vault monster count
 E = Vault monster count
 F = Vault count percentage of total count
                 A         B        C        D         E       F
            +---------+---------+-------+---------+---------+-------
      Total |   21977 |   11303 |  34.0 |     240 |      40 |  14.3
            +---------+---------+-------+---------+---------+-------
        D:1 |      55 |       0 |   0.0 |      23 |       0 |   0.0
        D:2 |      96 |      62 |  39.2 |      11 |       6 |  35.3
        D:3 |     258 |      36 |  12.2 |      31 |       1 |   3.1
        D:4 |     261 |     208 |  44.3 |      12 |       1 |   7.7
        D:5 |    1286 |       0 |   0.0 |      13 |       0 |   0.0
        D:6 |     522 |     673 |  56.3 |      12 |       1 |   7.7
        D:7 |    1257 |    1159 |  48.0 |      12 |       2 |  14.3
        D:8 |    2368 |     574 |  19.5 |      26 |       2 |   7.1
        D:9 |    1295 |      43 |   3.2 |      28 |       1 |   3.4
       D:10 |    2511 |    1013 |  28.7 |      21 |       2 |   8.7
     Lair:1 |    3173 |    3200 |  50.2 |      16 |       7 |  30.4
     Lair:2 |    2654 |    2315 |  46.6 |      13 |       9 |  40.9
     Lair:3 |    1434 |    1373 |  48.9 |       7 |       6 |  46.2
     Lair:4 |    4807 |     647 |  11.9 |      15 |       2 |  11.8
            +---------+---------+-------+---------+---------+-------
